 Dungeon Crawl Stone Soup version 0.32-a0-42-ga30500b4d3 (webtiles) character file.

Game seed: 16371108007005116068

41374 CowFu the Severer (level 14, -13/127 HPs)
             Began as a Hill Orc Reaver on Jan 29, 2024.
             Was the Champion of Jiyva.
             Mangled by Rupert
             ... wielding a +2 great mace of holy wrath
              (22 damage)
             ... on level 4 of the Lair of Beasts on Jan 30, 2024.
             The game lasted 00:27:10 (11069 turns).

CowFu the Severer (Hill Orc Reaver)                Turns: 11069, Time: 00:27:10

Health: -13/127    AC: 22    Str: 16    XL:     14   Next: 15%
Magic:  16/16      EV: 10    Int: 19    God:    Jiyva [******]
Gold:   633        SH:  0    Dex: 15    Spells: 15/16 levels left

rFire   . . .        i - +0 battleaxe (freeze)
rCold   . . .        (shield currently unavailable)
rNeg    . . .        s - +0 chain mail
rPois   .            L - +1 hat
rElec   .            p - +0 cloak
rCorr   +            (no gloves)
SInv    .            (no boots)
Will    +....        m - amulet of regeneration
Stlth   +            j - +4 ring of protection
HPRegen 2.81/turn    C - +4 ring of protection
MPRegen 0.95/turn

%: no passive effects
@: on berserk cooldown, slowed, very slow
A: hooves 1, horns 1, agile 2, clever 2, translucent skin 2
a: Renounce Religion, Oozemancy, Slimify


You were on level 4 of the Lair of Beasts.
You worshipped Jiyva.
Jiyva was exalted by your worship.
You visited 2 branches of the dungeon, and saw 13 of its levels.
You also visited: Ossuary and Ice Cave.

You collected 633 gold pieces.

Inventory:

Hand Weapons
 a - a +1 hand axe of draining
 b - the +11 mace of Inference {protect, *Noise rC+ rN+ Will++}
   (You found it on level 4 of the Dungeon)

   rC+:       It protects you from cold.
   rN+:       It protects you from negative energy.
   Will++:    It greatly increases your willpower.
   *Noise:    It may make a loud noise when swung.
 i - a +0 battleaxe of freezing (weapon)
 t - a +2 whip of flaming
Missiles
 G - 2 throwing nets
Armour
 p - a +0 cloak (worn)
 s - a +0 chain mail (worn)
 L - a +1 hat (worn)
Jewellery
 j - a +4 ring of protection (left hand)
 l - an amulet of the acrobat
 m - an amulet of regeneration (around neck)
 o - a ring of positive energy
 C - a +4 ring of protection (right hand)
 F - a ring of flight
Wands
 u - a wand of charming (8)
 B - a wand of flame (40)
 I - a wand of roots (7)
 J - a wand of digging (5)
Scrolls
 c - 4 scrolls of teleportation
 d - a scroll of fear
 k - 4 scrolls of immolation
 n - 5 scrolls of noise
 r - a scroll of revelation
 x - a scroll of enchant armour
Potions
 e - 2 potions of enlightenment
 f - 5 potions of curing
 g - 2 potions of mutation
 h - 3 potions of brilliance
 q - 6 potions of haste
 w - 2 potions of invisibility
 z - 2 potions of might
 H - a potion of cancellation
 K - a potion of magic


   Skills:
 + Level 12.5 Fighting
 + Level 16.1 Axes
 + Level 12.1 Armour
 + Level 6.8 Dodging
 - Level 4.0 Stealth
 - Level 1.5 Spellcasting
 - Level 10.4 Conjurations
 + Level 6.3 Evocations


You had 15 spell levels left.
You knew the following spells:

 Your Spells              Type           Power      Damage    Failure   Level
a - Kiss of Death         Conj/Necr      84%        2d11      14%         1

Your spell library contained the following spells:

 Spells                   Type           Power      Damage    Failure   Level
 Sting                    Conj/Alch      84%        1d8       14%         1
 Momentum Strike          Conj/Tloc      42%        3d9       22%         2
 Hailstorm                Conj/Ice       21%        3d7       41%         3
 Stone Arrow              Conj/Erth      42%        3d9       41%         3
 Freeze                   Ice            4%         1d3       77%         1
 Sandblast                Erth           2%         2d4       77%         1
 Brom's Barrelling Bould  Conj/Erth      21%        2d4       82%         4
 Cigotuvi's Dreadful Rot  Necr/Alch/Air  2%         N/A       88%         2
 Mercury Vapours          Alch/Air       2%         N/A       88%         2
 Frozen Ramparts          Ice            2%         1d1       98%         3
 Passwall                 Erth           1%         N/A       98%         3
 Summon Ice Beast         Ice/Summ       1%         N/A       98%         3
 Dispel Undead            Necr           1%         3d6       100%        4
 Martyr's Knell           Necr/Summ      1%         N/A       100%        4
 Olgreb's Toxic Radiance  Alch           1%         N/A       100%        4
 Death Channel            Necr           0%         N/A       100%        6
 Sculpt Simulacrum        Ice/Alch       0%         N/A       100%        6
 Ozocubu's Refrigeration  Ice            0%         4d7       100%        7


Dungeon Overview and Level Annotations

Branches:
Dungeon (9/15)             Temple (0/1) D:6            Lair (4/5) D:9
 Shoals (0/4) Lair:2       Spider (0/4) Lair:3        Slime (0/5) Lair:4
Ossuary (visited)           IceCv (visited)
    Orc: D:9-12

Altars:
Kikubaaqudgha
Nemelex Xobeh
Okawaru
Xom
Yredelemnul
Jiyva

Annotations:
D:6 3 runed translucent doors, RockinRobin's ghost, novice MiFi
Lair:4 Rupert


Innate Abilities, Weirdness & Mutations

You have large cloven feet.
You have a pair of small horns on your head.
You are very agile. (Dex +8, Str/Int -2)
Your mind is very acute. (Int +8, Str/Dex -2)
Your translucent skin reduces your foes' accuracy. (Stealth+)


Message History

The eight-headed hydra closely misses you.
You closely miss Rupert.
Rupert is lightly wounded.
You hack one of the eight-headed hydra's heads off!
The seven-headed hydra grows two more!
You hit the nine-headed hydra. You freeze the nine-headed hydra.
Rupert hits you but does no damage. Rupert misses you.
The nine-headed hydra bites you but does no damage.
The nine-headed hydra closely misses you. x3
The nine-headed hydra barely misses you.
The nine-headed hydra bites you but does no damage. x2
The nine-headed hydra closely misses you.
The nine-headed hydra barely misses you.
You slash Rupert! You freeze Rupert. You kick Rupert.
Rupert is moderately wounded.
You hack one of the nine-headed hydra's heads off!
The eight-headed hydra grows two more!
You slash the ten-headed hydra! You freeze the ten-headed hydra.
The ten-headed hydra is no longer moving slowly.
Rupert hits you with a +2 great mace of holy wrath!
* * * LOW HITPOINT WARNING * * *
Rupert misses you.
The ten-headed hydra closely misses you.
The ten-headed hydra bites you but does no damage. x3
The ten-headed hydra barely misses you. The ten-headed hydra bites you.
* * * LOW HITPOINT WARNING * * *
The ten-headed hydra bites you but does no damage.
The ten-headed hydra closely misses you.
The ten-headed hydra bites you but does no damage.
The ten-headed hydra closely misses you.
You hit Rupert but do no damage. You kick Rupert, but do no damage.
Rupert is moderately wounded.
You slice one of the ten-headed hydra's heads off!
The nine-headed hydra grows two more!
You slash the 11-headed hydra! You freeze the 11-headed hydra.
Rupert hits you with a +2 great mace of holy wrath!
* * * LOW HITPOINT WARNING * * *
Rupert hits you with a +2 great mace of holy wrath!!
You die...
Rupert roars with triumph.

...# ####.......+,,,**
*** ...# *........#,***
..## ##....##..** ..#
##.P.#*##* ### #.#...###
#...###.## *#.......##
#........###
#......@.#.#####
#......D@....#.######
#.......##.#........####
#.......######..#....#.#
#........* #####.#....
*#........# ####.##
#.........# ###
###..#..### #######


You could see Rupert (berserk) and a 11-headed hydra.

Vanquished Creatures
  Gastronok (D:9)
  3 hydras
  A two-headed ogre (D:9)
  10 death yaks
  A skyshark (Lair:4)
  A pharaoh ant (Lair:3)
  9 elephants
  An ice statue (IceCv)
  5 black mambas
  A gargoyle (D:6)
  2 torpor snails
  10 cane toads
  8 rime drakes
  7 komodo dragons
  A tarantella (Lair:3)
  Grinder (D:5)
  6 polar bears
  14 blink frogs
  2 wyverns
  Eustachio (D:5)
  49 yaks
  2 death yak simulacra (Lair:4)
  2 steam dragons
  Menkaure (D:4)
  7 water moccasins
  Duvessa (D:4)
  An acid dragon (D:8)
  An ice beast (D:6)
  A black bear (Lair:2)
  A sky beast (D:7)
  A hornet zombie (D:7)
  26 wolves
  An ogre (D:5)
  3 centaurs
  An elf zombie (Ossuary)
  A kobold brigand (D:9)
  9 bullfrogs
  3 scorpions
  Dowan (D:4)
  2 burial acolytes (Ossuary)
  3 wights (D:9)
  7 killer bees (D:9)
  A centaur zombie (D:7)
  2 hounds
  4 orc priests
  A bombardier beetle (D:5)
  A human zombie (Ossuary)
  2 gnoll boudas
  A sleepcap (D:7)
  Crazy Yiuf (D:2)
  4 iguanas
  6 orc wizards
  A wolf simulacrum (Lair:4)
  3 mummies (Ossuary)
  8 gnolls
  3 adders
  2 shadow imps
  3 white imps
  4 ufetubi
  A dart slug (D:2)
  26 orcs
  8 endoplasms
  2 giant cockroaches
  A gnoll zombie (Ossuary)
  7 hobgoblins
  6 jackals (D:3)
  8 kobolds
  3 quokkas
  4 ball pythons
  8 bats
  A frilled lizard (D:2)
  7 goblins
  A kobold zombie (Ossuary)
  4 orc zombies (Ossuary)
  5 rats
348 creatures vanquished.

Vanquished Creatures (collateral kills)
  A frost giant (IceCv)
  2 killer bees (D:9)
3 creatures vanquished.

Vanquished Creatures (others)
  A blink frog (Lair:3)
  A yak (D:9)
  A water moccasin (Lair:1)
  A bullfrog (Lair:3)
  3 scorpions (Lair:3)
  33 jellies
  An orc wizard (D:8)
  A mummy (D:4)
  2 orcs
  3 endoplasms
  A giant cockroach (D:4)
  A hobgoblin (D:4)
49 creatures vanquished.

Grand Total: 400 creatures vanquished

Notes
Turn   | Place    | Note
-------+----------+-------------------------------------------
     0 | D:1      | CowFu the Hill Orc Reaver began the quest for the Orb.
     0 | D:1      | Reached XP level 1. HP: 18/18 MP: 3/3
   263 | D:1      | Reached XP level 2. HP: 20/25 MP: 4/4
   393 | D:1      | Reached skill level 5 in Axes
   854 | D:1      | Reached XP level 3. HP: 30/30 MP: 5/5
  1310 | D:2      | Reached skill level 6 in Axes
  1728 | D:2      | Found a runed translucent door.
  1729 | D:2      | Noticed Crazy Yiuf
  1930 | D:2      | Killed Crazy Yiuf
  1931 | D:2      | Reached XP level 4. HP: 21/37 MP: 6/6
  2093 | D:3      | Found a faded altar of an unknown god.
  2118 | D:3      | Prayed at the altar of an unknown god.
  2118 | D:3      | Became a worshipper of Jiyva Joxeet the Shapeless
  2118 | D:3      | Reached * piety under Jiyva
  2167 | D:3      | Reached skill level 7 in Axes
  2417 | D:4      | Reached XP level 5. HP: 31/42 MP: 7/7
  2644 | D:4      | Noticed Menkaure
  2644 | D:4      | Noticed Duvessa
  2644 | D:4      | Noticed Dowan
  2662 | D:4      | Reached ** piety under Jiyva
  2702 | D:4      | Found a sparkling altar of Nemelex Xobeh.
  2703 | D:4      | Found a shimmering altar of Xom.
  2733 | D:4      | Identified the +11 mace of Inference {protect, *Noise rC+
                  | rN+ Will++}
  2910 | D:4      | Reached skill level 8 in Axes
  2926 | D:4      | Reached XP level 6. HP: 50/50 MP: 8/8
  2988 | D:4      | Found a sand-covered staircase.
  3105 | Ossuary  | Entered an ossuary
  3195 | Ossuary  | Reached skill level 9 in Axes
  3204 | Ossuary  | Reached skill level 10 in Axes
  3204 | Ossuary  | Reached XP level 7. HP: 56/56 MP: 9/9
  3358 | D:4      | Killed Duvessa
  3371 | D:4      | Killed Menkaure
  3372 | D:4      | Reached skill level 11 in Axes
  3376 | D:4      | Killed Dowan
  3570 | D:5      | Entered Level 5 of the Dungeon
  3570 | D:5      | Reached *** piety under Jiyva
  3619 | D:5      | Noticed Eustachio
  3640 | D:5      | Killed Eustachio
  3641 | D:5      | Reached skill level 12 in Axes
  3641 | D:5      | Reached XP level 8. HP: 62/62 MP: 10/10
  3732 | D:5      | Reached skill level 13 in Axes
  3755 | D:5      | Noticed Grinder
  3770 | D:5      | Killed Grinder
  3964 | D:5      | Gained mutation: You have a pair of small horns on your
                  | head. [Jiyva's grace]
  3964 | D:5      | Gained mutation: You have a pair of horns on your head.
                  | [Jiyva's grace]
  3964 | D:5      | Gained mutation: You have a pair of large horns on your
                  | head. [Jiyva's grace]
  3964 | D:5      | Gained mutation: Armour fits poorly on your pseudopods.
                  | [Jiyva's grace]
  4136 | D:5      | Reached skill level 14 in Axes
  4139 | D:5      | Reached skill level 1 in Armour
  4199 | D:6      | Found a runed translucent gate.
  4200 | D:6      | Found a runed translucent gate.
  4200 | D:6      | Found a runed translucent gate.
  4201 | D:6      | Noticed RockinRobin's ghost (novice MiFi)
  4202 | D:6      | Noticed a komodo dragon
  4203 | D:6      | Reached **** piety under Jiyva
  4226 | D:6      | Noticed a gargoyle
  4245 | D:6      | Killed a gargoyle
  4246 | D:6      | Reached XP level 9. HP: 24/71 MP: 11/11
  4479 | D:6      | Found a staircase to the Ecumenical Temple.
  5133 | D:7      | Found an iron altar of Okawaru.
  5155 | D:7      | Reached ***** piety under Jiyva
  5228 | D:7      | Reached skill level 5 in Fighting
  5475 | D:7      | Found a basalt altar of Yredelemnul.
  5872 | D:7      | Reached skill level 5 in Armour
  5914 | D:7      | Reached XP level 10. HP: 62/86 MP: 12/12
  6037 | D:8      | Identified the +0 robe "Etasi" {Int+4}
  6128 | D:8      | Lost mutation: You have a pair of large horns on your head.
                  | [Jiyva's grace]
  6128 | D:8      | Gained mutation: Your translucent skin slightly reduces
                  | your foes' accuracy. (Stealth+) [Jiyva's grace]
  6128 | D:8      | Gained mutation: Your translucent skin reduces your foes'
                  | accuracy. (Stealth+) [Jiyva's grace]
  6128 | D:8      | Gained mutation: Your transparent skin significantly
                  | reduces your foes' accuracy. (Stealth+) [Jiyva's grace]
  6128 | D:8      | Gained mutation: Your flesh is cold resistant. (rC+)
                  | [Jiyva's grace]
  6372 | D:9      | Found a staircase to the Lair.
  6427 | D:9      | Found an ancient bone altar of Kikubaaqudgha.
  6630 | D:9      | Noticed a two-headed ogre
  6646 | D:9      | Killed a two-headed ogre
  6879 | D:9      | Reached skill level 10 in Fighting
  6891 | D:9      | Reached XP level 11. HP: 99/99 MP: 13/13
  6904 | D:9      | Noticed Gastronok
  6919 | D:9      | Killed Gastronok
  6920 | D:9      | Reached skill level 10 in Armour
  7042 | D:9      | Reached ****** piety under Jiyva
  7125 | Lair:1   | Entered Level 1 of the Lair of Beasts
  7163 | Lair:1   | Reached skill level 5 in Conjurations
  7428 | Lair:1   | Reached XP level 12. HP: 106/106 MP: 14/14
  7587 | Lair:1   | Reached skill level 10 in Conjurations
  7709 | Lair:1   | Lost mutation: You have a pair of horns on your head.
                  | [Jiyva's grace]
  7709 | Lair:1   | Lost mutation: Your flesh is cold resistant. (rC+) [Jiyva's
                  | grace]
  7709 | Lair:1   | Gained mutation: You are resistant to electric shocks.
                  | (rElec) [Jiyva's grace]
  7709 | Lair:1   | Gained mutation: You have large cloven feet. [Jiyva's
                  | grace]
  7709 | Lair:1   | Gained mutation: You have hoof-like feet. [Jiyva's grace]
  7709 | Lair:1   | Gained mutation: You have hooves in place of feet. [Jiyva's
                  | grace]
  8234 | Lair:2   | Found a staircase to the Shoals.
  8404 | Lair:2   | Reached skill level 1 in Evocations
  8586 | Lair:2   | Reached skill level 1 in Stealth
  9342 | Lair:3   | Reached skill level 5 in Dodging
  9438 | Lair:3   | Found a hole to the Spider Nest.
  9441 | Lair:3   | Noticed a six-headed hydra
  9470 | Lair:3   | Killed a six-headed hydra
  9471 | Lair:3   | Reached XP level 13. HP: 69/116 MP: 15/15
  9515 | Lair:3   | Lost mutation: You have hooves in place of feet. [Jiyva's
                  | grace]
  9515 | Lair:3   | Lost mutation: You have hoof-like feet. [Jiyva's grace]
  9515 | Lair:3   | Lost mutation: You are resistant to electric shocks.
                  | (rElec) [Jiyva's grace]
  9515 | Lair:3   | Lost mutation: Armour fits poorly on your pseudopods.
                  | [Jiyva's grace]
  9515 | Lair:3   | Lost mutation: Your transparent skin significantly reduces
                  | your foes' accuracy. (Stealth+) [Jiyva's grace]
  9515 | Lair:3   | Gained mutation: Your mind is acute. (Int +4, Str/Dex -1)
                  | [Jiyva's grace]
  9515 | Lair:3   | Gained mutation: Your mind is very acute. (Int +8, Str/Dex
                  | -2) [Jiyva's grace]
  9515 | Lair:3   | Gained mutation: You are agile. (Dex +4, Str/Int -1)
                  | [Jiyva's grace]
  9515 | Lair:3   | Gained mutation: You are very agile. (Dex +8, Str/Int -2)
                  | [Jiyva's grace]
 10079 | Lair:4   | Reached skill level 15 in Axes
 10188 | Lair:4   | Found a frozen archway.
 10210 | IceCv    | Entered an ice cave
 10423 | IceCv    | Reached skill level 5 in Evocations
 10550 | IceCv    | Noticed a frost giant
 10560 | IceCv    | Killed a frost giant
 10573 | IceCv    | Got the Writings on Rime
 10792 | Lair:4   | Reached XP level 14. HP: 93/126 MP: 16/16
 10840 | Lair:4   | Reached skill level 16 in Axes
 11009 | Lair:4   | Found a viscous altar of Jiyva.
 11009 | Lair:4   | Found a staircase to the Slime Pits.
 11052 | Lair:4   | Noticed Rupert
 11069 | Lair:4   | Mangled by Rupert

Illustrated notes

Levels and vault maps discovered:
D:1:      erik_arrival_triangle_small, layout_loops_ring
D:2:      layout_basic, minmay_quantized, uniq_crazy_yiuf_cottage
D:3:      layout_rooms, shapermc_ecumenical_altar_venn
D:4:      layout_loops_corners, nicolae_overflow_squiral,
          gup_ossuary_entry_pyramid, uniq_menkaure, uniq_duvessa
D:5:      cheibrodos_helix_gallery, layout_gridville, uniq_grinder,
          uniq_eustachio
D:6:      layout_loops_ring, minmay_temple_entry_fiery, gammafunk_ghost_split
D:7:      minmay_evil_eye, layout_loops_ring, lemuel_zombie_altar_yredelemnul,
          mainiacjoe_overflow_chevrons
D:8:      layout_cave_pools, serial_column_ruins, column_ruins_hut_ruined,
          column_ruins_corridor_corner, column_ruins_grid_3,
          column_ruins_columns_dead_end, column_ruins_columns_corner
D:9:      layout_roguey, mainiacjoe_overflow_24_doors, lair_entry_dummy,
          nicolae_letterblocks [nicolae_letter_subblock,
          nicolae_letter_subblock, nicolae_letter_subblock,
          nicolae_letter_subblock, nicolae_letter_subblock,
          nicolae_letter_subblock, nicolae_letter_subblock,
          nicolae_letter_subblock, nicolae_letter_subblock,
          nicolae_letter_subblock, nicolae_letter_subblock,
          nicolae_letter_subblock, nicolae_letter_subblock,
          nicolae_letter_subblock, nicolae_letter_subblock,
          nicolae_letter_subblock, nicolae_letter_subblock,
          nicolae_letter_subblock, nicolae_letter_subblock,
          nicolae_letter_subblock, nicolae_letter_subblock,
          nicolae_letter_subblock, nicolae_letter_subblock,
          nicolae_letter_subblock, nicolae_letter_subblock], uniq_gastronok
Lair:1:   layout_small_grid, grunt_megastairs_4
Lair:2:   layout_long_grid, shoals_dummy_entry
Lair:3:   layout_loops_ring, nicolae_spider_entry_lesser_pyramids,
          serial_bayou_shore_b, serial_bayou_shore_b
Lair:4:   layout_roguey, slime_entry_2, portal_ice_cave_entry_ice_simulacra,
          beast_lair_carwin_5, grunt_megastairs_3, uniq_rupert

Skill      XL: |  1  2  3  4  5  6  7  8  9 10 11 12 13 14 |
---------------+-------------------------------------------+-----
Axes           | 5 6 7 8 10 12 14 15 16 | 16.1
Armour         | 2 5 9 10 11 12 | 12.1
Fighting       | 4 7 10 11 12 | 12.5
Dodging        | 2 4 5 6 |  6.8
Conjurations   | 9 10 | 10.4
Evocations     | 3 5 6 |  6.3
Stealth        | 3 4 |  4.0
Spellcasting   | |  1.5

Action                     |  1- 3 |  4- 6 |  7- 9 | 10-12 | 13-15 || total
---------------------------+-------+-------+-------+-------+-------++-------
  Melee: Hand axe          |   109 |    98 |       |       |       ||   207
         Mace              |       |    52 |   243 |   553 |   340 ||  1188
         Headbutt          |       |       |    24 |   121 |   134 ||   279
         Pseudopods        |       |       |    22 |   119 |       ||   141
         Punch             |       |       |     2 |    14 |     5 ||    21
         Kick              |       |       |       |    97 |   192 ||   289
         Battleaxe         |       |       |       |       |    75 ||    75
   Cast: Kiss of Death     |       |       |       |     1 |       ||     1
    Use: Scroll            |       |     1 |     8 |       |    13 ||    22
         Potion            |       |       |       |       |     4 ||     4
 Armour: Leather armour    |    73 |    26 |       |       |       ||    99
         Chain mail        |       |    79 |   294 |   744 |   674 ||  1791
  Dodge: Dodged            |    66 |    58 |   117 |   479 |   352 ||  1072

Table legend: (Time is in decaauts)
 A = Elapsed time spent in this place.
 B = Non-inter-level travel time spent in this place.
 C = Inter-level travel time spent in this place.
 D = Time resting spent in this place.
 E = Time spent auto-exploring this place.
 F = Levels seen in this place.
 G = Mean time per level.
                   A        B        C        D        E       F      G
               +--------+--------+--------+--------+--------+-----+--------+
         Total |  11134 |  10801 |    333 |      6 |   7727 |  15 |  742.3 |
       Dungeon |   6917 |   6660 |    257 |      0 |   5209 |   9 |  768.6 |
          Lair |   3413 |   3337 |     76 |      6 |   2307 |   4 |  853.2 |
       Ossuary |    231 |    231 |      0 |      0 |     60 |   1 |  231.0 |
      Ice Cave |    572 |    572 |      0 |      0 |    150 |   1 |  572.0 |
               +--------+--------+--------+--------+--------+-----+--------+

Top non-repeatable levels by time:
     D:2: 1098 daAuts
  Lair:1: 1050 daAuts
  Lair:3: 1035 daAuts
     D:7: 947 daAuts
     D:4: 938 daAuts
     D:1: 868 daAuts
  Lair:2: 855 daAuts
     D:6: 817 daAuts
     D:9: 764 daAuts
     D:5: 613 daAuts
   IceCv: 572 daAuts
  Lair:4: 471 daAuts
     D:3: 441 daAuts
     D:8: 427 daAuts
 Ossuary: 231 daAuts
